 Dungeon Crawl Stone Soup version 0.21-a0-426-g98080a9 (webtiles) character file.

16107 HAL9000 the Slicer (level 12, -3/61 HPs)
             Began as a Vine Stalker Assassin on Nov 7, 2017.
             Was a Follower of Dithmenos.
             Slain by a spiny frog (6 damage)
             ... on level 4 of the Lair of Beasts.
             The game lasted 00:34:35 (13792 turns).

HAL9000 the Slicer (Vine Stalker Assassin)         Turns: 13792, Time: 00:34:36

Health: -3/61      AC:  9    Str: 21    XL:     12   Next: 34%
Magic:  0/13       EV: 11    Int: 17    God:    Dithmenos [*.....]
Gold:   618        SH:  6    Dex: 21    Spells: 11/11 levels left

rFire    . . .     SeeInvis .   s - +1 rapier (elec)
rCold    . . .     Gourm    .   a - +0 buckler
rNeg     . . .     Faith    .   O - +1 leather armour of Vexation {*Slow rElec Str+4 Int+6}
rPois    +         Spirit   +   G - +1 helmet
rElec    +         Reflect  .   M - +1 cloak
rCorr    .         Harm     .   J - +0 pair of gloves
MR       +....                  (no boots)
Stlth    ++++++....             Y - amulet of rage
HPRegen  1.00/turn              z - +3 ring of dexterity
MPRegen  0.13/turn              j - ring of poison resistance

@: wreathed by umbra
A: fangs 3, regeneration 2, magic shield, antimagic bite, no potion heal 3, rot
immunity
a: Renounce Religion, Evoke Berserk Rage


You were on level 4 of the Lair of Beasts.
You worshipped Dithmenos.
Dithmenos was aware of your devotion.
You were hungry.

You visited 3 branches of the dungeon, and saw 14 of its levels.
You also visited: Ossuary.

You collected 618 gold pieces.

Inventory:

Hand Weapons
 b - a +0 blowgun
 s - a +1 rapier of electrocution (weapon)
 P - a +6 quick blade
Missiles
 e - 41 poisoned needles
 f - 8 curare-tipped needles
 u - 18 tomahawks
 y - 6 javelins (quivered)
 C - 2 steel tomahawks
 Z - 8 javelins of penetration
Armour
 a - a +0 buckler (worn)
 G - a +1 helmet (worn)
 J - a +0 pair of gloves (worn)
 M - a +1 cloak (worn)
 O - the +1 leather armour of Vexation (worn) {*Slow rElec Str+4 Int+6}
   (You found it on level 5 of the Dungeon)

   It affects your strength (+4).
   It affects your intelligence (+6).
   It insulates you from electricity.
   It may slow you when you take damage.
Jewellery
 j - a ring of poison resistance (right hand)
 x - an uncursed ring of protection from fire
 z - a +3 ring of dexterity (left hand)
 B - an uncursed ring of magical power
 F - an uncursed ring of stealth
 Y - an amulet of rage (around neck)
Wands
 h - a wand of acid (15/15)
 E - a wand of disintegration (19/24)
 I - a wand of digging (15/24)
 S - a wand of lightning (10/15)
Scrolls
 k - 3 scrolls of enchant armour
 o - 2 scrolls of enchant weapon
 v - a scroll of identify
 D - a scroll of blinking
 L - 2 scrolls of teleportation
 N - 2 scrolls of magic mapping
 R - 4 scrolls of recharging
 U - 6 scrolls of remove curse
Potions
 l - 2 potions of flight
 m - 4 potions of curing
 p - a potion of cancellation
 q - 4 potions of ambrosia
 r - a potion of magic
 t - 2 potions of invisibility
 H - a potion of brilliance
 Q - a potion of resistance
 T - a potion of might
 X - 3 potions of agility
Books
 A - a book of the Tempests

   Spells                             Type                      Level
   a - Static Discharge               Conjuration/Air              3
   b - Lightning Bolt                 Conjuration/Air              5
   c - Ignition                       Fire                         8
   d - Tornado                        Air                          9
   e - Shatter                        Earth                        9
Comestibles
 g - 9 bread rations
 i - 6 royal jellies
 n - 9 meat rations
 w - 2 fruits


   Skills:
 + Level 6.0 Fighting
 + Level 12.5 Short Blades
 - Level 7.5 Throwing
 - Level 0.7 Dodging
 - Level 11.3 Stealth
 - Level 5.2 Shields


You had 11 spell levels left.
You didn't know any spells.

Dungeon Overview and Level Annotations

Branches:
Dungeon (8/15)             Temple (1/1) D:6            Lair (5/6) D:8
 Shoals (0/4) Lair:2       Spider (0/4) Lair:4
  Slime: Lair:5-6

Altars:
Ashenzari
Cheibriados
Dithmenos
Elyvilon
Fedhas
Gozag
Hepliaklqana
Kikubaaqudgha
Makhleb
Nemelex Xobeh
Okawaru
Qazlal
Sif Muna
Trog
Uskayaw
Vehumet
Wu Jian
Xom
Yredelemnul
Zin
The Shining One

Shops:
D:5 *   D:6 *


Innate Abilities, Weirdness & Mutations

You have razor-sharp teeth.
You heal very quickly.
When hurt, damage is shared between your health and your magic reserves.
Your bite disrupts and absorbs the magic of your enemies.
Potions cannot restore your health.
You are immune to rotting.


Message History

The six-headed hydra bites you!
* * * LOW HITPOINT WARNING * * *
The six-headed hydra closely misses you.
The six-headed hydra barely misses you. The six-headed hydra bites you. x2
* * * LOW HITPOINT WARNING * * *
The six-headed hydra misses you.
You hit the six-headed hydra.
You bite the six-headed hydra, but do no damage.
The six-headed hydra is almost dead.
You feel sick.
Unknown command.
You hit the six-headed hydra.
Lightning courses through the six-headed hydra!
You kill the six-headed hydra!
Dithmenos accepts your kill.
Your Fighting skill increases to level 6!
You feel sick. The spiny frog stings you.
* * * LOW HITPOINT WARNING * * *
Your system rejects the healing.
You feel better. The spiny frog stings you!
You die...

##................(#
####...............#
.##................##
.........(.........P#
....D.....<.(.......#
.............(.....##
.#..P.........(....#
###.#...........F..##
#####...........@...#
.......F...........##
...................#
...................#
........#..........#
##...#.##..........#
#.####.#...........#
### ###...........#
##..........#


You could see a spiny frog.

Vanquished Creatures
  2 hydras (Lair:4)
  A two-headed ogre (D:7)
  The ghost of EnegeticOcto the Fighter, a novice GnWn of Ru (D:7)
  6 black mambas (Lair:4)
  A torpor snail (Lair:4)
  2 spiny frogs
  5 dream sheep
  A hippogriff (Lair:1)
  6 spriggans (Lair:2)
  11 yaks
  4 basilisks
  Edmund (D:6)
  8 water moccasins
  2 sky beasts
  An orc warrior (D:6)
  9 porcupines
  An ice beast (D:8)
  A phantom (D:8)
  4 ogres
  A necrophage (D:5)
  3 centaurs
  4 wolves (Lair:4)
  5 crocodiles
  An elf zombie (Ossuary)
  Blork the orc (D:6)
  12 bullfrogs
  5 scorpions
  A howler monkey (D:6)
  2 electric eels (Lair:1)
  A crimson imp (D:5)
  A bullfrog zombie (D:5)
  4 hounds
  2 quasits
  Crazy Yiuf (D:4)
  2 centaur zombies
  2 centaur skeletons (D:6)
  A gnoll shaman (D:7)
  2 human zombies (Ossuary)
  5 orc priests
  13 orc wizards
  2 bullfrog skeletons
  2 iguanas
  Ijyb (D:4)
  11 worker ants
  2 big kobold zombies (Ossuary)
  2 hound skeletons (D:4)
  4 mummies
  A worker ant zombie (D:7)
  Robin (D:4)
  12 adders
  3 gnolls (D:7)
  3 shadow imps (D:5)
  5 adder zombies
  An adder skeleton (D:4)
  A worm (D:5)
  4 dart slugs
  4 leopard geckos
  26 orcs
  5 bats
  5 giant cockroaches
  5 hobgoblins
  5 jackals (D:4)
  9 kobolds
  2 quokkas
  2 ball pythons (D:3)
  3 frilled lizards
  2 gnoll zombies (Ossuary)
  11 goblins
  A goblin zombie (Ossuary)
  4 hobgoblin zombies (Ossuary)
  A jackal skeleton (D:7)
  3 jackal zombies (Ossuary)
  3 kobold zombies (Ossuary)
  A leopard gecko skeleton (D:7)
  3 orc zombies (Ossuary)
  7 quokka zombies (Ossuary)
  4 rats
  3 rat zombies (Ossuary)
  A plant (Lair:1)
301 creatures vanquished.

Vanquished Creatures (others)
  An orc (D:6)
  3 fungi (Lair:4)
4 creatures vanquished.

Grand Total: 305 creatures vanquished

Notes
Turn   | Place    | Note
-------+----------+-------------------------------------------
     0 | D:1      | HAL9000 the Vine Stalker Assassin began the quest for the Orb.
     0 | D:1      | Reached XP level 1. HP: 11/11 MP: 2/2
   173 | D:1      | Reached skill level 2 in Short Blades
   660 | D:1      | Reached XP level 2. HP: 11/15 MP: 3/3
  1411 | D:2      | Found a burning altar of Makhleb.
  1413 | D:2      | Found a radiant altar of Vehumet.
  1483 | D:2      | Reached skill level 3 in Short Blades
  1510 | D:2      | Found a snail-covered altar of Cheibriados.
  1518 | D:2      | Reached XP level 3. HP: 18/18 MP: 2/4
  1688 | D:2      | You fall through a shaft for 2 floors!
  1709 | D:4      | Gained mutation: Your natural rate of healing is unusually fast. [Vine Stalker growth]
  1709 | D:4      | Reached XP level 4. HP: 12/23 MP: 3/5
  1717 | D:4      | Reached skill level 4 in Short Blades
  1787 | D:4      | HP: 1/23 [orc wizard/dagger (3)]
  2034 | D:3      | Reached XP level 5. HP: 26/26 MP: 6/6
  2289 | D:3      | Found a shimmering altar of Xom.
  2290 | D:3      | Found a sparkling altar of Nemelex Xobeh.
  2290 | D:3      | Found a basalt altar of Yredelemnul.
  2291 | D:3      | Found a bloodstained altar of Trog.
  2598 | D:3      | Reached skill level 5 in Short Blades
  3100 | D:4      | Reached XP level 6. HP: 27/30 MP: 7/7
  3147 | D:4      | Noticed Ijyb
  3173 | D:4      | Reached skill level 6 in Short Blades
  3200 | D:4      | Killed Ijyb
  3216 | D:4      | Noticed Robin
  3318 | D:4      | Killed Robin
  3450 | D:4      | Reached XP level 7. HP: 25/34 MP: 8/8
  3518 | D:4      | Reached skill level 7 in Short Blades
  3568 | D:4      | Found a runed door.
  3573 | D:4      | Noticed Crazy Yiuf
  3587 | D:4      | Killed Crazy Yiuf
  3870 | D:4      | Found a blossoming altar of Fedhas.
  3911 | D:4      | Reached skill level 8 in Short Blades
  4046 | D:5      | Entered Level 5 of the Dungeon
  4046 | D:5      | Found an opulent altar of Gozag.
  4056 | D:5      | Gained mutation: You have razor-sharp teeth. [Vine Stalker growth]
  4056 | D:5      | Reached XP level 8. HP: 35/38 MP: 9/9
  4070 | D:5      | Found Gozag's Platinum Reserve.
  4378 | D:5      | Got a dazzling leather armour
  4389 | D:5      | Identified the cursed +1 leather armour of Vexation {*Slow rElec Str+4 Int+6} (You found it on level 5 of the Dungeon)
  4489 | D:5      | Reached skill level 9 in Short Blades
  4771 | D:6      | Found Pocil's General Store.
  4840 | D:6      | Reached skill level 10 in Short Blades
  4870 | D:6      | Reached XP level 9. HP: 30/42 MP: 10/10
  4880 | D:6      | Noticed Edmund
  4996 | D:6      | Killed Edmund
  5053 | D:6      | Noticed Blork the orc
  5064 | D:6      | Killed Blork the orc
  5064 | D:6      | Reached skill level 11 in Short Blades
  5392 | D:6      | Found a staircase to the Ecumenical Temple.
  5407 | D:6      | Found a sand-covered staircase.
  5413 | Ossuary  | Entered an ossuary
  5433 | Ossuary  | Reached skill level 5 in Stealth
  5888 | D:7      | Noticed a two-headed ogre
  5899 | D:7      | Killed a two-headed ogre
  5899 | D:7      | Reached XP level 10. HP: 46/46 MP: 11/11
  6047 | D:7      | Noticed EnegeticOcto's ghost (novice GnWn)
  6280 | D:7      | Killed EnegeticOcto's ghost
  6280 | D:7      | Reached skill level 5 in Throwing
  7573 | D:8      | Found a staircase to the Lair.
  8071 | Lair:1   | Entered Level 1 of the Lair of Beasts
  8198 | Lair:1   | Reached skill level 10 in Stealth
  8832 | Temple   | Entered the Ecumenical Temple
  9035 | Temple   | Became a worshipper of Dithmenos the Shadowed
  9874 | Lair:2   | Noticed a spiny frog
  9876 | Lair:2   | Found a staircase to the Shoals.
  9962 | Lair:2   | Killed a spiny frog
  9962 | Lair:2   | Reached XP level 11. HP: 31/50 MP: 12/12
 10591 | Lair:2   | Reached skill level 1 in Shields
 11649 | Lair:3   | Identified a scroll of acquirement
 11992 | Lair:4   | Found a hole to the Spider Nest.
 11998 | Lair:4   | Noticed a six-headed hydra
 12300 | Lair:4   | Killed a six-headed hydra
 12599 | Lair:4   | Reached skill level 5 in Shields
 12793 | Lair:4   | Reached skill level 12 in Short Blades
 12857 | Lair:4   | Gained mutation: You heal very quickly. [Vine Stalker growth]
 12857 | Lair:4   | Reached XP level 12. HP: 58/58 MP: 13/13
 12870 | Lair:4   | Reached skill level 5 in Fighting
 13010 | Lair:4   | Found the +8 whip "Snakebite" {curare, rPois}
 13169 | Lair:4   | Reached * piety under Dithmenos
 13404 | Lair:5   | Noticed a six-headed hydra
 13791 | Lair:4   | Killed a six-headed hydra
 13791 | Lair:4   | HP: 2/61 [spiny frog (4)]
 13792 | Lair:4   | Slain by a spiny frog

Vault maps used:
D:1:      dpeg_arrival_water_fire
D:2:      minitemple, nicolae_ru_the_path_less_chosen, kennysheep_slug_shrine,
          first_bread
D:3:      chequers_temple_overflow_statue_of_worship
D:4:      fedhas_altar_2, uniq_robin, uniq_crazy_yiuf_cottage, uniq_ijyb
D:5:      nicolae_gozag_zags_fifth_avenue, kennysheep_small_spiral
D:6:      minmay_temple_entry_overgrown, gup_ossuary_entry_pyramid,
          serial_shops, shop, uniq_edmund, uniq_blork_the_orc
D:8:      lair_entry_dummy
Temple:   nicolae_temple_figure_eight
Lair:1:   serial_bayou_lake_a
Lair:2:   shoals_dummy_entry, wad_woods_01
Lair:4:   minmay_guarded_unrand_snakebite, spider_nest_entry_web_field,
          lab_entry_generic
Lair:5:   regret_index_bee_streams, beast_lair_carwin_2
Ossuary:  minmay_ossuary_two_tombs

Skill      XL: |  1  2  3  4  5  6  7  8  9 10 11 12 |
---------------+-------------------------------------+-----
Short Blades   | 2 3 4 5 6 8 10 11 12 | 12.5
Throwing       | 4 7 |  7.5
Stealth        | 7 11 | 11.3
Shields        | 5 |  5.2
Fighting       | 4 6 |  6.0
Dodging        | |  0.7

Action                   |  1- 3 |  4- 6 |  7- 9 | 10-12 || total
-------------------------+-------+-------+-------+-------++-------
Melee: Dagger            |    76 |   184 |   491 |   580 ||  1331
       Bite              |    16 |    55 |   201 |   234 ||   506
       Rapier            |       |       |       |   180 ||   180
 Fire: Blowgun           |     3 |     1 |     2 |     2 ||     8
Throw: Tomahawk          |       |       |     5 |     5 ||    10
       Javelin           |       |       |       |     7 ||     7
  Use: Scroll            |       |       |       |    32 ||    32
       Potion            |       |       |       |     5 ||     5
 Stab: Sleeping          |     7 |     8 |    10 |    10 ||    35
       Distracted        |       |       |     3 |     3 ||     6
       Held in net/web   |       |       |       |     1 ||     1
  Eat: Chunk             |     2 |     6 |     7 |    22 ||    37
       Fruit             |       |       |     1 |     3 ||     4
Armor: Robe              |    22 |    45 |    28 |       ||    95
       Leather armour    |       |       |    87 |   107 ||   194
       Skin              |       |       |       |    49 ||    49
Dodge: Dodged            |    38 |    75 |   158 |   204 ||   475
Block: Buckler           |       |       |       |    43 ||    43

Table legend:
 A = Spawn XP
 B = Non-spawn XP
 C = Spawn XP percentage of total XP
 D = Spawn monster count
 E = Non-spawn monster count
 F = Spawn count percentage of total count
 G = Total turns spent on level
                    A         B        C        D         E        F      G
               +---------+---------+-------+---------+---------+-------+---------
         Total |       0 |   23010 |   0.0 |       0 |     300 |   0.0 | 13792
               +---------+---------+-------+---------+---------+-------+---------
           D:1 |       0 |      18 |   0.0 |       0 |      11 |   0.0 |  1188
           D:2 |       0 |      38 |   0.0 |       0 |      14 |   0.0 |   500
           D:3 |       0 |     153 |   0.0 |       0 |      26 |   0.0 |  1038
           D:4 |       0 |    1051 |   0.0 |       0 |      45 |   0.0 |  1488
           D:5 |       0 |     658 |   0.0 |       0 |      18 |   0.0 |   623
           D:6 |       0 |    1613 |   0.0 |       0 |      31 |   0.0 |   804
           D:7 |       0 |    2306 |   0.0 |       0 |      24 |   0.0 |   963
           D:8 |       0 |     961 |   0.0 |       0 |      17 |   0.0 |  1337
        Lair:1 |       0 |    1631 |   0.0 |       0 |      13 |   0.0 |  1160
        Lair:2 |       0 |    2421 |   0.0 |       0 |      13 |   0.0 |  1450
        Lair:3 |       0 |    1016 |   0.0 |       0 |       7 |   0.0 |   914
        Lair:4 |       0 |   10365 |   0.0 |       0 |      40 |   0.0 |  1674
        Lair:5 |       0 |     395 |   0.0 |       0 |       2 |   0.0 |   113
       Ossuary |       0 |     384 |   0.0 |       0 |      39 |   0.0 |   316
               +---------+---------+-------+---------+---------+-------+---------
